 Dungeon Crawl Stone Soup version bcrawl-1.12-10-g10a67aac0f (webtiles) character file.

Game seed: 17079027116495301203

7428 Banto the Transmogrifier (level 10, -5/103 HPs)
             Began as a Red Draconian Transmuter on June 11, 2019.
             Was a Believer of Cheibriados.
             Slain by a freezing wraith (6 damage)
             ... on level 8 of the Dungeon.
             The game lasted 00:14:27 (10084 turns).

Banto the Transmogrifier (DrTm)                    Turns: 10084, Time: 00:14:28

Health: -5/103     AC:  6    Str: 18    XL:     10   Next: 93%
Magic:  14/14      EV: 14    Int: 23    God:    Cheibriados [**....]
Gold:   491        SH:  2    Dex: 19    Spells: 1/15 levels left

rFire    . . .     SeeInvis .     - Unarmed
rCold    + + +     Gourm    .   (shield currently unavailable)
rNeg     . . .     Faith    .   (armour unavailable)
rPois    +         Spirit   .   (helmet currently unavailable)
rElec    .         Reflect  +   (cloak currently unavailable)
rCorr    .         Harm     .   (gloves currently unavailable)
MR       .....                  (boots currently unavailable)
Stlth    ++........             n - +2 amulet of reflection
HPRegen  0.27/turn              h - +4 ring of intelligence
MPRegen  0.14/turn              u - ring of protection from fire

@: ice-form, slowed, very slow
A: large, (breathe fire), unfitting armour, AC +7
a: End Transformation, Bend Time, Renounce Religion


You were on level 8 of the Dungeon.
You worshipped Cheibriados.
Cheibriados was pleased with you.
You were not hungry.
You were a creature of crystalline ice.
You visited 2 branches of the dungeon, and saw 9 of its levels.

You collected 491 gold pieces.

Inventory:

Missiles
 a - 1730 arrows
Armour
 q - a +0 pair of gloves (melded)
Jewellery
 b - an uncursed ring of see invisible
 h - a +4 ring of intelligence (left front paw)
 n - a +2 amulet of reflection (around neck)
 u - a ring of protection from fire (right front paw)
Wands
 j - a wand of iceblast (8)
 s - a wand of paralysis (17)
 t - a wand of random effects (6)
 y - a wand of flame (45)
Scrolls
 e - 5 scrolls of remove curse
 k - a scroll of fear
 o - 2 scrolls of teleportation
 z - a scroll of magic mapping
Potions
 c - a potion of lignification
 f - 4 potions of curing
 g - 4 potions of agility
 l - a potion of heal wounds
 m - 2 potions of magic
 p - 3 potions of flight
 r - a potion of cancellation
 v - a potion of mutation {unknown}
 x - a potion of resistance {unknown}
Comestibles
 d - 17 rations {!d}
 i - 4 chunks of flesh


   Skills:
 + Level 7.4 Fighting
 + Level 6.4 Dodging
 - Level 10.0 Unarmed Combat
 - Level 3.0 Spellcasting
 - Level 10.1 Transmutations


You had one spell level left.
You knew the following spells:

 Your Spells              Type           Power        Failure   Level  Hunger
a - Blade Hands           Tmut           ######....   4%          5    ######.
b - Sticks to Snakes      Tmut           ######..     1%          2    ##.....
c - Spider Form           Tmut/Pois      ####......   4%          3    ###....
d - Ice Form              Ice/Tmut       ####....     14%         4    ####...

Your spell library contained the following spells:

 Spells                   Type           Power        Failure   Level  Hunger
 Beastly Appendage        Tmut           ######       1%          1    None


Dungeon Overview and Level Annotations

Branches:
Dungeon (8/12)             Temple (1/1) D:7
   Lair: D:7-10         Orc: D:8-11

Altars:
Ashenzari
Cheibriados
Dithmenos
Elyvilon
Gozag
Hepliaklqana
Kikubaaqudgha
Lugonu
Makhleb
Nemelex Xobeh
Okawaru
Qazlal
Ru
Sif Muna
Trog
Uskayaw
Vehumet
Wu Jian
Xom
Zin
The Shining One

Shops:
D:5 :

Annotations:
D:8 1 transporter, MisterOstroum's ghost, novice TrBe


Innate Abilities, Weirdness & Mutations

((You can breathe blasts of fire.))
((Your fiery red scales are hard. (AC +7)))
You cannot fit into any form of body armour.
((Your flesh is heat resistant. (rF+)))
((You are cold-blooded and may be slowed by cold attacks.))


Message History

The freezing wraith misses you. The freezing wraith hits you.
The freezing wraith drains your vigour!
You feel as though you will be slow longer.
You barely miss the freezing wraith.
The freezing wraith is heavily damaged.
The ogre hits you with a +0 giant club!!
* * * LOW HITPOINT WARNING * * *
The freezing wraith hits you!
* * * LOW HITPOINT WARNING * * *
The freezing wraith freezes you. You resist.
* * * LOW HITPOINT WARNING * * *
The freezing wraith closely misses you. The freezing wraith hits you.
* * * LOW HITPOINT WARNING * * *
The freezing wraith freezes you. You resist.
* * * LOW HITPOINT WARNING * * *
The freezing wraith hits you.
* * * LOW HITPOINT WARNING * * *
The freezing wraith misses you. The freezing wraith hits you.
You die...

##.#≈≈≈≈≈≈ #.≈# ###. #.≈#
..' #.≈# ..# #.≈# ..# ...
#.≈# ..# ##... #.≈####..#
8##..###### #)≈W.....####
$.#.......####.≈YO....≈≈≈#
#.#............≈####..≈8≈#
#.#............≈# ...≈≈≈#
..#............≈# ........
#W#............≈###........
#S#............≈.......#..#
.S#....#######.).(..##.#..#
8##....# #.#..).# (# .#
##.....# #......#


You could see a freezing wraith and an ogre.

Vanquished Creatures
  A two-headed ogre (D:8)
  A centaur warrior (D:8)
  A cyclops (D:8)
  A centaur zombie (D:8)
  A troll (D:7)
  A hornet (D:7)
  A hippogriff (D:8)
  Sigmund (D:5)
  A vampire mosquito (D:8)
  A hungry ghost (D:4)
  3 sky beasts
  2 black bears
  3 ice beasts (D:8)
  3 orc warriors (D:8)
  A necrophage (D:8)
  3 ogres
  A phantom (D:8)
  6 centaurs
  A crocodile (D:8)
  5 bullfrogs
  A big kobold (D:8)
  A wyvern zombie (D:8)
  5 scorpions
  4 howler monkeys
  6 crimson imps
  5 hounds
  A quasit (D:8)
  2 jellies (D:8)
  A bullfrog skeleton (D:8)
  4 orc priests
  Jessica (D:2)
  2 iguanas
  13 worker ants
  7 orc wizards
  A killer bee zombie (D:3)
  2 hound zombies (D:8)
  A worker ant zombie (D:5)
  Robin (D:2)
  12 adders
  3 shadow imps
  An ooze (D:6)
  3 dart slugs
  4 worms
  8 leopard geckos
  29 orcs
  2 ball pythons
  2 giant cockroaches
  12 goblins
  7 hobgoblins
  5 jackals
  7 kobolds
  A quokka (D:7)
  2 bats (D:1)
  11 frilled lizards
  7 rats
212 creatures vanquished.

Vanquished Creatures (collateral kills)
  A scorpion (D:4)
  An orc wizard (D:5)
  A worm (D:2)
  A leopard gecko (D:2)
  An orc (D:5)
  9 goblins (D:2)
  A hobgoblin (D:2)
  A bat (D:2)
16 creatures vanquished.

Grand Total: 228 creatures vanquished

Notes
Turn   | Place    | Note
-------+----------+-------------------------------------------
     0 | D:1      | Banto the Draconian Transmuter began the quest for the Orb.
     0 | D:1      | Reached XP level 1. HP: 16/16 MP: 3/3
    78 | D:1      | Reached XP level 2. HP: 23/23 MP: 5/5
   388 | D:1      | Reached XP level 3. HP: 16/28 MP: 6/6
   983 | D:2      | Learned a level 2 spell: Sticks to Snakes
   987 | D:2      | Learned a level 3 spell: Spider Form
  1262 | D:2      | Found a glowing golden altar of the Shining One.
  1460 | D:2      | Noticed Jessica
  1469 | D:2      | Killed Jessica
  1469 | D:2      | Reached XP level 4. HP: 26/35 MP: 6/8
  1526 | D:2      | Noticed Robin
  1560 | D:2      | Killed Robin
  1920 | D:3      | Found an ancient bone altar of Kikubaaqudgha.
  2032 | D:3      | Reached XP level 5. HP: 40/40 MP: 9/9
  2250 | D:3      | Found a white marble altar of Elyvilon.
  2768 | D:4      | Found a shadowy altar of Dithmenos.
  2776 | D:3      | Reached XP level 6. HP: 23/47 MP: 4/10
  2946 | D:3      | Reached skill level 5 in Unarmed Combat
  3361 | D:4      | Noticed a hungry ghost
  3394 | D:3      | Learned a level 4 spell: Ice Form
  3469 | D:4      | Killed a hungry ghost
  3469 | D:4      | Reached skill level 5 in Transmutations
  3480 | D:4      | Found a shattered altar of Ashenzari.
  3512 | D:4      | Your scales start taking on a fiery red colour.
  3512 | D:4      | Reached XP level 7. HP: 18/52 MP: 8/11
  3512 | D:4      | Gained mutation: Your flesh is heat resistant. (rF+) [Red
                  | Draconian growth]
  4176 | D:4      | Found a radiant altar of Vehumet.
  4218 | D:4      | Found a sacrificial altar of Ru.
  4466 | D:5      | Entered Level 5 of the Dungeon
  4530 | D:5      | Noticed Sigmund
  4542 | D:5      | Killed Sigmund
  4708 | D:5      | Reached XP level 8. HP: 24/59 MP: 9/12
  5109 | D:5      | Found Gashod's Book Boutique.
  5412 | D:5      | Found a sparkling altar of Nemelex Xobeh.
  5805 | D:6      | Found a white marble altar of Elyvilon.
  6189 | D:6      | Reached XP level 9. HP: 20/64 MP: 13/13
  6695 | D:6      | Learned a level 5 spell: Blade Hands
  6908 | D:7      | Found a staircase to the Ecumenical Temple.
  7050 | Temple   | Entered the Ecumenical Temple
  7137 | Temple   | Became a worshipper of Cheibriados the Contemplative
  7370 | D:7      | Found a burning altar of Makhleb.
  7575 | D:7      | Found a hazy altar of Hepliaklqana.
  7892 | D:7      | Found a deep blue altar of Sif Muna.
  8012 | D:8      | Reached skill level 10 in Unarmed Combat
  8138 | D:8      | Found a bloodstained altar of Trog.
  8164 | D:8      | Reached * piety under Cheibriados
  8254 | D:8      | Reached skill level 10 in Transmutations
  8257 | D:8      | HP: 2/68 [orc priest/divine providence (10)]
  8614 | D:8      | Reached XP level 10. HP: 63/77 MP: 14/14
  8728 | D:8      | Reached ** piety under Cheibriados
  8731 | D:8      | Noticed a cyclops
  9168 | D:8      | Noticed a two-headed ogre
  9172 | D:8      | Found a transporter.
  9184 | D:8      | Killed a two-headed ogre
  9184 | D:8      | Reached skill level 5 in Fighting
  9207 | D:8      | Noticed MisterOstroum's ghost (novice TrBe)
  9284 | D:8      | Noticed a centaur warrior
  9503 | D:8      | Reached skill level 5 in Dodging
  9505 | D:8      | Noticed a cyclops
  9532 | D:8      | Killed a cyclops
  9927 | D:8      | Killed a centaur warrior
 10084 | D:8      | HP: 5/103 [freezing wraith (2)]
 10084 | D:8      | HP: 1/103 [freezing wraith (4)]
 10084 | D:8      | Slain by a freezing wraith

Skill      XL: |  1  2  3  4  5  6  7  8  9 10 |
---------------+-------------------------------+-----
Transmutations | 3 4 5 6 8 10 | 10.1
Spellcasting   | 3 |  3.0
Unarmed Combat | 4 5 7 8 10 | 10.0
Dodging        | 3 6 |  6.4
Fighting       | 3 7 |  7.4

Action                   |  1- 3 |  4- 6 |  7- 9 | 10-12 || total
-------------------------+-------+-------+-------+-------++-------
Melee: Unarmed           |     6 |    24 |   323 |    93 ||   446
       Mace              |   108 |   108 |    43 |       ||   259
       Tailslap          |     6 |    11 |    21 |     1 ||    39
       Punch             |       |       |    10 |       ||    10
 Cast: Sticks to Snakes  |     1 |     5 |     5 |       ||    11
       Spider Form       |       |     3 |     5 |       ||     8
       Ice Form          |       |     1 |       |     1 ||     2
 Abil: Breathe Fire      |       |       |    25 |     1 ||    26
       End Transformatio |       |       |     3 |       ||     3
Evoke: Wand              |       |       |     1 |     2 ||     3
  Use: Scroll            |     2 |       |    14 |     1 ||    17
       Potion            |       |     2 |     2 |       ||     4
 Stab: Sleeping          |     3 |       |     2 |       ||     5
       Distracted        |       |     1 |     1 |     1 ||     3
       Invisible         |       |       |     1 |       ||     1
  Eat: Chunk             |     2 |     8 |    23 |     3 ||    36
Armor: Skin              |    34 |    62 |    80 |    27 ||   203
Dodge: Dodged            |    80 |   107 |   217 |    66 ||   470
Block: Other             |     1 |    15 |    25 |     5 ||    46
       Reflection        |       |       |     1 |       ||     1
